cohdb
Replays
Latest Replays
All Replays
Popular Replays
Top Player Replays
Match Explorer
How It Works
Community
CoH3 Stats
Reddit
Sign in to upload your games and track your stats! →
Sign in with Steam
Match 45361945
Unlisted
Match 45361945
Overview
Messages
Build Orders
End
Selects Italian Combined Arms Battlegroup
Selects Bersaglieri Squad
Bersaglieri Squad
Bersaglieri Squad
Construct Light Support Kompanie
Bersaglieri Squad
Fire Support Elements
Selects Bersaglieri Bolster
2.5-tonne Medical Truck
Vehicle Survival Package
Pak 38 Mechanized Group
Combat Half-tracks
Flakvierling Half-track
Selects Breda Model 30 Light Machine Guns
Construct Panzerarmee Kommand
Frodo Swaggins
Jerome Powell
rudyrydz
Cpt Darling
BUBBA_ACTUAL
JollyRedRockett
Tiger One
marty_not_mcfly
0
0
Comments
sign in to comment!
No comments posted yet!